General information
- name: BNet
- type: Ladder team game (AT/RT)
- host: Battle.net
- saver: I_am_a_pee_man
map: Monsoon
- players: 6
- length: 45:33
- speed: Fast
- version: 1.27 W3XP
- replay type:

» download(316 KB)
Players
team 1 (loser)

»
GoT)OwNeD( (
purple | 125 APM | 4156 actions | 33:21)
4 Archmage
2 Summon Water Elemental
2 Brilliance Aura
2 Paladin
1 Holy Light
1 Divine Shield
2 Mountain King
1 Storm Bolt
1 Thunder Clap
» actions
| Assign group hotkey | 141 | |
| Basic commands | 48 | |
| Build / train | 151 | |
| ESC pressed | 9 | |
| Enter build submenu | 39 | |
| Enter hero's abilities submenu | 8 | |
| Give item / drop item | 3 | |
| Remove unit from queue | 5 | |
| Right click | 2088 | |
| Select / deselect | 954 | |
| Select group hotkey | 528 | |
| Use ability | 181 | |
4156 total
» units
| Peasant | 30 | |
| Footman | 6 | |
| Ogre Magi | 1 | |
| Gnoll Warden | 1 | |
| Rifleman | 8 | |
| Dragonhawk Rider | 8 | |
| Gryphon Rider | 6 | |
| Mortar Team | 9 | |
69 total
» upgrades
| Masonry | 3 | |
| Gunpowder | 2 | |
| Long Rifles | 1 | |
| Lumber Harvesting | 2 | |
| Storm Hammers | 1 | |
| Swords | 3 | |
| Cloud | 1 | |
| Armor | 3 | |
| Flare | 1 | |
| Fragmentation Shards | 1 | |
18 total
» buildings
| Altar of Kings | 1 | |
| Farm | 13 | |
| Barracks | 2 | |
| Scout Tower | 14 | |
| Arcane Tower | 5 | |
| Town Hall | 2 | |
| Lumber Mill | 1 | |
| Blacksmith | 1 | |
| Guard Tower | 12 | |
| Keep | 2 | |
| Arcane Vault | 1 | |
| Castle | 2 | |
| Gryphon Aviary | 2 | |
| Workshop | 2 | |
60 total
» build order
00:08 Altar of Kings
00:12 Farm
00:16 Farm
00:20 Barracks
00:53 Farm
01:33 Farm
01:57 Scout Tower
02:45 Arcane Tower
02:46 Arcane Tower
04:02 Town Hall
04:32 Scout Tower
04:34 Scout Tower
04:35 Scout Tower
05:03 Arcane Tower
05:06 Lumber Mill
05:40 Blacksmith
05:52 Farm
06:26 Guard Tower
06:30 Farm
07:10 Keep
07:43 Barracks
08:10 Arcane Vault
08:51 Scout Tower
08:53 Scout Tower
09:30 Farm
09:31 Farm
09:38 Guard Tower
09:39 Guard Tower
09:40 Guard Tower
09:45 Castle
11:34 Gryphon Aviary
11:35 Gryphon Aviary
13:26 Farm
14:09 Town Hall
14:56 Farm
14:58 Farm
16:38 Farm
16:40 Farm
18:02 Scout Tower
18:03 Scout Tower
18:05 Scout Tower
18:05 Scout Tower
18:57 Guard Tower
19:17 Scout Tower
19:19 Scout Tower
19:57 Guard Tower
19:58 Arcane Tower
19:58 Arcane Tower
20:07 Guard Tower
22:47 Scout Tower
22:48 Scout Tower
27:23 Workshop
27:24 Workshop
27:26 Guard Tower
» items
| Dust of Appearance | 4 | |
| Boots of Speed | 1 | |
| Scroll of Town Portal | 3 | |
| Potion of Lesser Invulnerability | 1 | |
| Potion of Healing | 2 | |
| Staff of Sanctuary | 1 | |
| Scroll of Healing | 1 | |
13 total

»
Natirion (
yellow | 46 APM | 2102 actions | 45:32)
3 Blademaster
2 Wind Walk
1 Critical Strike
» actions
| Assign group hotkey | 59 | |
| Basic commands | 16 | |
| Build / train | 98 | |
| ESC pressed | 14 | |
| Enter build submenu | 25 | |
| Enter hero's abilities submenu | 3 | |
| Remove unit from queue | 1 | |
| Right click | 1010 | |
| Select / deselect | 334 | |
| Select group hotkey | 452 | |
| Use ability | 90 | |
2102 total
» units
| Peon | 31 | |
| Grunt | 4 | |
| Demolisher | 1 | |
| Troll Batrider | 35 | |
| Raider | 1 | |
72 total
» upgrades
| Ranged Weapons | 2 | |
| Liquid Fire | 1 | |
| Armor | 2 | |
| Reinforced Defenses | 1 | |
| Spiked Barricades | 1 | |
7 total
» buildings
| Altar of Storms | 3 | |
| Orc Burrow | 5 | |
| Barracks | 1 | |
| Voodoo Lounge | 1 | |
| Stronghold | 1 | |
| War Mill | 1 | |
| Spirit Lodge | 2 | |
| Beastiary | 2 | |
| Fortress | 1 | |
| Great Hall | 1 | |
| Watch Tower | 7 | |
25 total
» build order
00:03 Altar of Storms
00:12 Altar of Storms
00:13 Altar of Storms
00:22 Orc Burrow
00:37 Barracks
01:27 Orc Burrow
01:39 Voodoo Lounge
03:20 Stronghold
03:46 War Mill
04:06 Orc Burrow
05:10 Orc Burrow
06:07 Spirit Lodge
06:15 Spirit Lodge
06:49 Beastiary
06:50 Beastiary
07:00 Fortress
08:58 Orc Burrow
14:43 Great Hall
20:37 Watch Tower
20:47 Watch Tower
20:55 Watch Tower
29:47 Watch Tower
29:48 Watch Tower
30:16 Watch Tower
30:18 Watch Tower
» items
| Healing Salve | 2 | |
| Lesser Clarity Potion | 2 | |
| Scroll of Speed | 2 | |
| Boots of Speed | 1 | |
| Scroll of Town Portal | 1 | |
| Scroll of Healing | 1 | |
| Scroll of Protection | 1 | |
10 total
tsttst (
green | 67 APM | 2271 actions | 33:41)
5 Shadow Hunter
2 Serpent Ward
3 Healing Wave
3 Tauren Chieftain
2 Endurance Aura
1 Shockwave
» actions
| Assign group hotkey | 26 | |
| Basic commands | 49 | |
| Build / train | 92 | |
| ESC pressed | 2 | |
| Enter build submenu | 26 | |
| Enter hero's abilities submenu | 8 | |
| Give item / drop item | 4 | |
| Right click | 1051 | |
| Select / deselect | 404 | |
| Select group hotkey | 515 | |
| Use ability | 92 | |
2271 total
» units
| Peon | 16 | |
| Grunt | 9 | |
| Raider | 11 | |
| Wind Rider | 10 | |
46 total
» upgrades
| Ensnare | 1 | |
| Armor | 3 | |
| Pillage | 1 | |
| Melee Weapons | 3 | |
| Reinforced Defenses | 1 | |
| Envenomed Spears | 1 | |
| Ranged Weapons | 2 | |
12 total
» buildings
| Altar of Storms | 2 | |
| Orc Burrow | 8 | |
| Barracks | 1 | |
| Voodoo Lounge | 1 | |
| Stronghold | 2 | |
| War Mill | 4 | |
| Beastiary | 2 | |
| Great Hall | 1 | |
| Fortress | 1 | |
| Watch Tower | 20 | |
42 total
» build order
00:06 Altar of Storms
00:08 Altar of Storms
00:17 Orc Burrow
00:40 Barracks
01:29 Orc Burrow
01:58 Voodoo Lounge
03:13 Stronghold
03:14 Stronghold
03:59 Orc Burrow
05:04 Orc Burrow
05:09 War Mill
06:10 Beastiary
06:16 Beastiary
10:37 Great Hall
11:06 Fortress
12:42 Orc Burrow
12:47 Orc Burrow
13:50 Watch Tower
13:53 Watch Tower
13:54 Watch Tower
13:56 Watch Tower
13:58 Watch Tower
14:00 Watch Tower
16:11 Watch Tower
16:17 Watch Tower
17:22 Watch Tower
17:24 Watch Tower
18:10 War Mill
20:15 Watch Tower
20:16 Watch Tower
20:17 Watch Tower
20:18 Watch Tower
20:19 Watch Tower
20:21 Watch Tower
21:41 Orc Burrow
21:43 Orc Burrow
27:05 War Mill
31:56 Watch Tower
31:57 Watch Tower
31:59 Watch Tower
32:03 Watch Tower
32:42 War Mill
» items
| Healing Salve | 4 | |
| Lesser Clarity Potion | 3 | |
| Boots of Speed | 1 | |
| Circlet of Nobility | 1 | |
| Orb of Lightning | 1 | |
| Potion of Healing | 1 | |
11 total
team 2 (winner)
I_am_a_pee_man (
red | 122 APM | 5546 actions | 45:33)
5 Archmage
2 Blizzard
3 Brilliance Aura
5 Mountain King
3 Storm Bolt
2 Bash
4 Paladin
2 Holy Light
2 Divine Shield
» actions
| Assign group hotkey | 31 | |
| Basic commands | 30 | |
| Build / train | 198 | |
| Enter build submenu | 93 | |
| Enter hero's abilities submenu | 14 | |
| Give item / drop item | 5 | |
| Remove unit from queue | 1 | |
| Right click | 2842 | |
| Select / deselect | 829 | |
| Select group hotkey | 844 | |
| Use ability | 656 | |
5546 total
» units
| Peasant | 25 | |
| Dragonhawk Rider | 7 | |
| Gryphon Rider | 5 | |
37 total
» upgrades
| Masonry | 3 | |
| Lumber Harvesting | 2 | |
| Magic Sentry | 1 | |
| Animal War Training | 1 | |
| Swords | 3 | |
| Armor | 3 | |
| Cloud | 1 | |
| Storm Hammers | 1 | |
| Backpack | 1 | |
| Melee Weapons | | |
16 total
» buildings
| Altar of Kings | 1 | |
| Farm | 16 | |
| Lumber Mill | 1 | |
| Scout Tower | 190 | |
| Arcane Tower | 17 | |
| Guard Tower | 76 | |
| Keep | 4 | |
| Castle | 2 | |
| Town Hall | 1 | |
| Arcane Sanctum | 1 | |
| Arcane Vault | 2 | |
| Gryphon Aviary | 2 | |
| Blacksmith | 1 | |
| Barracks | 1 | |
315 total
» build order
00:15 Altar of Kings
00:27 Farm
00:52 Farm
00:58 Lumber Mill
01:19 Scout Tower
01:28 Scout Tower
01:45 Scout Tower
01:48 Arcane Tower
01:48 Arcane Tower
01:56 Scout Tower
01:59 Arcane Tower
01:59 Arcane Tower
01:59 Arcane Tower
02:03 Scout Tower
02:11 Scout Tower
02:16 Scout Tower
02:26 Guard Tower
02:28 Guard Tower
02:29 Scout Tower
02:31 Guard Tower
02:31 Guard Tower
02:39 Scout Tower
02:39 Scout Tower
02:43 Scout Tower
02:43 Scout Tower
02:44 Guard Tower
02:45 Guard Tower
02:45 Guard Tower
03:02 Guard Tower
03:03 Guard Tower
03:03 Guard Tower
04:03 Guard Tower
04:05 Scout Tower
04:05 Scout Tower
04:06 Scout Tower
04:07 Scout Tower
04:07 Keep
04:07 Keep
04:07 Keep
04:11 Farm
04:12 Farm
04:17 Arcane Tower
04:18 Scout Tower
04:20 Scout Tower
04:21 Scout Tower
04:22 Guard Tower
04:32 Scout Tower
04:34 Scout Tower
04:36 Guard Tower
04:36 Guard Tower
04:48 Guard Tower
04:52 Scout Tower
04:52 Scout Tower
04:53 Scout Tower
04:53 Scout Tower
04:55 Guard Tower
04:55 Guard Tower
04:55 Guard Tower
05:13 Scout Tower
05:16 Scout Tower
05:17 Scout Tower
05:18 Scout Tower
05:32 Guard Tower
05:33 Guard Tower
05:34 Scout Tower
05:35 Scout Tower
06:09 Guard Tower
06:11 Scout Tower
06:12 Scout Tower
06:57 Castle
06:58 Castle
07:21 Town Hall
07:25 Scout Tower
07:42 Guard Tower
07:44 Guard Tower
07:46 Scout Tower
07:48 Scout Tower
07:50 Scout Tower
07:51 Scout Tower
07:51 Scout Tower
08:17 Arcane Tower
08:19 Scout Tower
08:46 Farm
08:58 Arcane Tower
08:59 Guard Tower
09:01 Guard Tower
09:06 Arcane Tower
09:07 Guard Tower
09:08 Guard Tower
09:09 Guard Tower
09:32 Guard Tower
09:52 Arcane Tower
09:56 Arcane Sanctum
10:46 Scout Tower
10:47 Scout Tower
10:47 Scout Tower
11:35 Scout Tower
11:35 Scout Tower
11:47 Scout Tower
11:47 Scout Tower
11:48 Scout Tower
11:48 Scout Tower
11:51 Guard Tower
11:55 Scout Tower
11:56 Scout Tower
11:56 Scout Tower
12:38 Scout Tower
12:39 Scout Tower
12:39 Scout Tower
12:39 Scout Tower
12:40 Scout Tower
12:41 Scout Tower
12:41 Scout Tower
12:42 Scout Tower
12:43 Scout Tower
12:43 Scout Tower
12:55 Arcane Tower
12:58 Guard Tower
12:58 Guard Tower
13:01 Arcane Tower
13:01 Arcane Tower
13:02 Arcane Tower
13:19 Guard Tower
13:29 Arcane Tower
13:47 Arcane Vault
14:17 Scout Tower
14:20 Scout Tower
14:26 Arcane Vault
14:29 Scout Tower
14:30 Scout Tower
14:30 Scout Tower
14:33 Scout Tower
14:34 Scout Tower
15:14 Scout Tower
15:15 Scout Tower
15:18 Scout Tower
15:20 Scout Tower
15:20 Scout Tower
15:21 Scout Tower
15:32 Scout Tower
15:33 Scout Tower
15:35 Guard Tower
15:35 Scout Tower
15:48 Guard Tower
15:50 Scout Tower
15:51 Scout Tower
15:51 Scout Tower
15:53 Guard Tower
15:56 Scout Tower
15:57 Scout Tower
15:57 Scout Tower
15:59 Scout Tower
16:00 Scout Tower
16:00 Scout Tower
16:35 Guard Tower
16:40 Scout Tower
16:40 Scout Tower
16:40 Scout Tower
16:41 Scout Tower
16:43 Scout Tower
16:43 Scout Tower
16:44 Scout Tower
16:44 Scout Tower
17:25 Guard Tower
17:29 Scout Tower
17:29 Scout Tower
17:30 Scout Tower
17:30 Scout Tower
17:45 Guard Tower
18:02 Guard Tower
18:46 Guard Tower
19:09 Gryphon Aviary
19:11 Gryphon Aviary
19:13 Blacksmith
19:17 Barracks
19:18 Farm
19:24 Guard Tower
19:31 Scout Tower
19:31 Scout Tower
19:32 Scout Tower
19:32 Scout Tower
19:33 Scout Tower
19:33 Scout Tower
19:34 Scout Tower
19:35 Scout Tower
19:37 Scout Tower
19:37 Scout Tower
19:37 Scout Tower
19:40 Scout Tower
19:40 Scout Tower
19:40 Scout Tower
19:41 Scout Tower
19:41 Scout Tower
19:44 Guard Tower
19:46 Guard Tower
19:55 Scout Tower
19:57 Scout Tower
19:58 Scout Tower
19:59 Scout Tower
20:56 Guard Tower
21:04 Arcane Tower
21:04 Guard Tower
21:26 Guard Tower
21:32 Guard Tower
22:07 Guard Tower
22:12 Scout Tower
22:12 Scout Tower
22:13 Scout Tower
22:13 Scout Tower
22:15 Scout Tower
22:15 Scout Tower
22:48 Guard Tower
22:51 Guard Tower
23:30 Guard Tower
23:35 Scout Tower
24:04 Guard Tower
24:06 Guard Tower
24:07 Guard Tower
24:12 Scout Tower
24:13 Scout Tower
24:14 Scout Tower
24:14 Scout Tower
27:32 Scout Tower
27:33 Scout Tower
27:33 Scout Tower
27:34 Scout Tower
27:35 Scout Tower
27:36 Scout Tower
27:37 Scout Tower
27:37 Scout Tower
27:38 Scout Tower
27:38 Scout Tower
27:39 Scout Tower
27:40 Scout Tower
27:41 Scout Tower
27:42 Scout Tower
27:43 Scout Tower
27:43 Scout Tower
27:44 Scout Tower
27:45 Scout Tower
27:48 Scout Tower
27:49 Scout Tower
27:49 Scout Tower
27:50 Scout Tower
27:51 Scout Tower
27:51 Scout Tower
27:52 Scout Tower
27:53 Scout Tower
27:54 Scout Tower
27:54 Scout Tower
27:55 Scout Tower
27:56 Scout Tower
28:17 Guard Tower
28:19 Guard Tower
28:19 Guard Tower
28:25 Scout Tower
28:26 Scout Tower
28:26 Scout Tower
28:27 Guard Tower
28:28 Scout Tower
28:29 Scout Tower
28:30 Scout Tower
28:30 Scout Tower
28:31 Scout Tower
29:04 Guard Tower
29:14 Scout Tower
29:14 Scout Tower
29:15 Scout Tower
29:16 Scout Tower
29:17 Scout Tower
29:19 Guard Tower
29:20 Scout Tower
29:37 Guard Tower
29:39 Scout Tower
29:39 Scout Tower
29:40 Scout Tower
29:42 Scout Tower
29:43 Scout Tower
29:43 Guard Tower
29:48 Scout Tower
29:49 Scout Tower
29:50 Scout Tower
29:52 Guard Tower
30:11 Guard Tower
30:57 Scout Tower
30:57 Scout Tower
30:58 Scout Tower
30:58 Scout Tower
31:00 Scout Tower
31:01 Scout Tower
31:01 Scout Tower
31:02 Scout Tower
31:08 Guard Tower
31:29 Guard Tower
31:54 Guard Tower
33:43 Guard Tower
38:57 Farm
38:57 Farm
38:58 Farm
38:58 Farm
38:58 Farm
38:59 Farm
40:42 Farm
40:42 Farm
40:43 Farm
40:43 Farm
» items
| Healing Salve | 2 | |
| Boots of Speed | 3 | |
| Staff of Teleportation | 3 | |
| Staff of Sanctuary | 3 | |
| Orb of Lightning | 2 | |
13 total
lovetoosearch (
teal | 77 APM | 3511 actions | 45:32)
9 Blademaster
3 Wind Walk
2 Critical Strike
1 Bladestorm
3 Mirror Image
» actions
| Assign group hotkey | 32 | |
| Basic commands | 34 | |
| Build / train | 126 | |
| ESC pressed | 41 | |
| Enter build submenu | 84 | |
| Enter hero's abilities submenu | 10 | |
| Give item / drop item | 9 | |
| Right click | 1763 | |
| Select / deselect | 401 | |
| Select group hotkey | 572 | |
| Use ability | 439 | |
3511 total
» units
» upgrades
| Ranged Weapons | 3 | |
| Liquid Fire | 1 | |
| Troll Regeneration | 1 | |
| Reinforced Defenses | 1 | |
| Armor | 3 | |
| Spiked Barricades | 3 | |
| Burning Oil | 1 | |
| Berserker Upgrade | 1 | |
| Berserker Strength | 1 | |
| Ensnare | 1 | |
| Envenomed Spears | 1 | |
| War Drums Damage Increase | 1 | |
| Melee Weapons | 3 | |
| Pillage | 1 | |
| Backpack | 1 | |
| Shaman Training | 2 | |
| Witch Doctor Training | 2 | |
| Spirit Walker Training | 2 | |
| Pulverize | 1 | |
30 total
» buildings
| War Mill | 2 | |
| Orc Burrow | 8 | |
| Altar of Storms | 1 | |
| Voodoo Lounge | 2 | |
| Watch Tower | 63 | |
| Stronghold | 2 | |
| Beastiary | 2 | |
| Fortress | 2 | |
| Great Hall | 2 | |
| Barracks | 1 | |
| Spirit Lodge | 3 | |
| Tauren Totem | 1 | |
89 total
» build order
00:22 War Mill
00:29 Orc Burrow
00:34 Altar of Storms
01:28 Voodoo Lounge
01:57 Watch Tower
02:12 Watch Tower
02:50 Watch Tower
03:32 Orc Burrow
03:45 Watch Tower
04:09 Watch Tower
04:27 Voodoo Lounge
05:27 Watch Tower
05:28 Watch Tower
05:30 Stronghold
05:45 Orc Burrow
06:35 Watch Tower
06:36 Watch Tower
07:01 Watch Tower
07:02 Watch Tower
07:40 Watch Tower
07:42 Watch Tower
07:59 Beastiary
08:56 Watch Tower
08:57 Watch Tower
09:02 Fortress
09:11 Watch Tower
09:45 Beastiary
10:09 Watch Tower
10:15 Great Hall
10:30 Watch Tower
11:16 Watch Tower
11:35 Watch Tower
12:35 Watch Tower
12:40 Orc Burrow
12:41 Watch Tower
13:00 Watch Tower
13:04 Barracks
13:58 Watch Tower
14:52 Watch Tower
14:52 Watch Tower
16:02 Watch Tower
16:02 Watch Tower
18:07 Watch Tower
18:35 Watch Tower
18:36 Watch Tower
19:13 Watch Tower
19:13 Watch Tower
19:14 Watch Tower
19:15 Watch Tower
19:42 Watch Tower
19:43 Watch Tower
19:43 Watch Tower
19:44 Watch Tower
19:57 War Mill
20:06 Watch Tower
21:27 Watch Tower
23:24 Watch Tower
24:30 Watch Tower
26:46 Watch Tower
26:46 Watch Tower
26:46 Watch Tower
26:47 Watch Tower
26:47 Watch Tower
26:47 Watch Tower
26:48 Watch Tower
27:05 Great Hall
27:25 Stronghold
27:30 Watch Tower
27:31 Watch Tower
27:37 Orc Burrow
27:38 Orc Burrow
27:39 Orc Burrow
27:50 Watch Tower
28:02 Watch Tower
28:02 Watch Tower
29:05 Watch Tower
29:05 Watch Tower
29:07 Watch Tower
29:08 Watch Tower
30:05 Orc Burrow
30:10 Fortress
32:02 Watch Tower
32:03 Watch Tower
32:04 Watch Tower
42:12 Spirit Lodge
42:13 Spirit Lodge
42:14 Spirit Lodge
42:17 Tauren Totem
» items
| Healing Salve | 2 | |
| Lesser Clarity Potion | 3 | |
| Boots of Speed | 1 | |
| Staff of Teleportation | 1 | |
| Orb of Lightning | 1 | |
8 total
TheEyeOfSearch (
blue | 83 APM | 3802 actions | 45:32)
8 Warden
3 Shadow Strike
3 Blink
1 Spirit of Vengeance
1 Fan of Knives
» actions
| Assign group hotkey | 122 | |
| Basic commands | 92 | |
| Build / train | 77 | |
| ESC pressed | 3 | |
| Enter build submenu | 24 | |
| Enter hero's abilities submenu | 10 | |
| Give item / drop item | 15 | |
| Right click | 2470 | |
| Select / deselect | 521 | |
| Select group hotkey | 147 | |
| Use ability | 319 | |
3802 total
» units
» upgrades
| Ultravision | 1 | |
| Well Spring | 1 | |
| Strength of the Wild | 3 | |
| Reinforced Hides | 3 | |
| Corrosive Breath | 1 | |
9 total
» buildings
| Altar of Elders | 1 | |
| Moon Well | 15 | |
| Tree of Ages | 2 | |
| Hunter's Hall | 1 | |
| Tree of Life | 2 | |
| Tree of Eternity | 2 | |
| Ancient of Wind | 1 | |
| Ancient of Wonders | 1 | |
| Chimaera Roost | 2 | |
27 total
» build order
00:14 Altar of Elders
00:25 Moon Well
02:32 Moon Well
05:29 Tree of Ages
06:09 Hunter's Hall
06:11 Moon Well
06:16 Tree of Life
12:09 Tree of Eternity
12:10 Tree of Eternity
12:25 Moon Well
12:26 Moon Well
12:33 Moon Well
12:34 Moon Well
12:39 Moon Well
12:40 Moon Well
12:45 Moon Well
12:46 Moon Well
14:30 Moon Well
14:31 Moon Well
14:35 Moon Well
14:37 Moon Well
15:24 Ancient of Wind
16:43 Ancient of Wonders
18:43 Chimaera Roost
18:43 Chimaera Roost
28:09 Tree of Life
» items
| Boots of Speed | 1 | |
| Staff of Teleportation | 1 | |
| Healing Salve | 2 | |
| Scroll of Speed | 1 | |
| Lesser Clarity Potion | 2 | |
| Potion of Lesser Invulnerability | 1 | |
| Orb of Venom | 1 | |
| Anti-magic Potion | 1 | |
10 total
Chat log
(00:07 / All) TheEyeOfSearch: 1s pls
(00:09 / All) TheEyeOfSearch: please
(23:54 / All) I_am_a_pee_man: noobs?
(23:55 / All) lovetoosearch: 1 sec pls
(24:10 / All) lovetoosearch: u may wait
(24:22 / All) lovetoosearch: U. May. WAIT!!
(25:56 / All) I_am_a_pee_man: stop dying
(28:24 / All) lovetoosearch: u guys bad??
(28:38 / All) TheEyeOfSearch: beep beep beep beep
(28:43 / All) TheEyeOfSearch: hey guys what's is that noise
(28:48 / All) TheEyeOfSearch: my Bad Detector And It's Going Off On U
(29:31 / All) I_am_a_pee_man: guys from?
(29:33 / All) I_am_a_pee_man: (where are you)
(29:45 / All) TheEyeOfSearch: BadLand USA
(30:44 / All) I_am_a_pee_man: lol
(31:58 / All) lovetoosearch: u guys just.... GoT)OwNeD(
(33:21 / All) lovetoosearch: Watch Out Arch- Mage
(33:24 / All) lovetoosearch: im comin for u!!
(33:33 / All) I_am_a_pee_man: youtube.com/highperch
(33:55 / All) TheEyeOfSearch: this is punishment
(33:55 / All) I_am_a_pee_man: you too now
(33:58 / All) TheEyeOfSearch: for not allowing us 2 pause
(34:06 / All) TheEyeOfSearch: Rude Boys Never Win
(34:09 / All) TheEyeOfSearch: Win Boys Never Rude
(34:25 / All) I_am_a_pee_man: [borat voice] My Wyv
(35:32 / All) TheEyeOfSearch: rip wyvs
(41:22 / All) TheEyeOfSearch: u ever hear the 1 about the gorgon who could turn U into terracota with one look?
(41:27 / All) TheEyeOfSearch: she say "y'all turn clay now"
(43:40 / All) TheEyeOfSearch: Looks Like; You Lose.
(43:43 / All) TheEyeOfSearch: You Love: Tom Cruise
(43:45 / All) I_am_a_pee_man: https://highper.ch